 Dungeon Crawl Stone Soup version 0.25-a0-544-gee0576305d (webtiles) character file.

Game seed: 3763625146191115619, levelgen mode: deterministic

148 Lugonue the Insei (level 4, -2/35 HPs)
             Began as a Demigod Transmuter on Feb 20, 2020.
             Killed by nerve-wracking pain
             ... invoked by an orc priest
              (12 damage)
             ... on level 4 of the Dungeon.
             The game lasted 00:05:36 (3182 turns).

Lugonue the Insei (Demigod Transmuter)              Turns: 3182, Time: 00:05:36

Health: -2/35      AC:  6    Str: 15    XL:     4   Next: 82%
Magic:  9/10       EV: 12    Int: 17    God:
Gold:   157        SH:  0    Dex: 16    Spells: 5/8 levels left

rFire    + . .     SeeInvis .   a - +0 falchion
rCold    . . .     Gourm    .   (no shield)
rNeg     . . .     Faith    .   e - +0 leather armour (curse)
rPois    .         Spirit   .   (no helmet)
rElec    .         Reflect  .   (no cloak)
rCorr    +         Harm     .   (no gloves)
MR       .....                  j - +2 pair of boots
Stlth    +.........             (no amulet)
HPRegen  0.11/turn              l - ring of resist corrosion
MPRegen  0.12/turn              o - ring of protection from fire

@: appendage
A: horns 2, high mp 1
a: End Transformation


You were on level 4 of the Dungeon.
You were very hungry.
You had grown temporary horns.
You visited 1 branch of the dungeon, and saw 4 of its levels.

You collected 157 gold pieces.

Inventory:

Hand Weapons
 a - a +0 falchion (weapon)
Missiles
 q - 2 poisoned darts (quivered)
Armour
 b - a +0 robe
 e - a cursed +0 leather armour (worn)
 j - a +2 pair of boots (worn)
Jewellery
 l - a ring of resist corrosion (left hand)
 o - a ring of protection from fire (right hand)
Scrolls
 c - a scroll of teleportation
 g - a scroll of enchant armour
 i - a scroll of magic mapping {unknown}
 p - a scroll of fog {unknown}
 r - a scroll of amnesia {unknown}
 s - a scroll of identify
Potions
 f - a potion of lignification {unknown}
 h - 2 potions of haste
 k - a potion of curing
 m - a potion of might {unknown}
 n - a potion of brilliance {unknown}
Comestibles
 d - 9 rations


   Skills:
 * Level 1.5 Fighting
 + Level 2.3 Dodging
 + Level 0.2 Stealth
 + Level 3.8 Unarmed Combat
 * Level 2.5 Spellcasting
 + Level 2.5 Transmutations


You had 5 spell levels left.
You knew the following spells:

 Your Spells              Type           Power        Failure   Level  Hunger
a - Beastly Appendage     Tmut           ##....       8%          1    #......
b - Sticks to Snakes      Tmut           ##......     12%         2    ##.....

Your spell library contained the following spells:

 Spells                   Type           Power        Failure   Level  Hunger
 Spider Form              Tmut/Pois      #.........   38%         3    ###....
 Ice Form                 Ice/Tmut       #.......     80%         4    #####..
 Blade Hands              Tmut           ##........   91%         5    ######.


Dungeon Overview and Level Annotations

Branches:
Dungeon (4/15)             Temple (0/1) D:4


Innate Abilities, Weirdness & Mutations

You have an increased reservoir of magic. (+10% MP)
You have a pair of horns on your head.


Message History

The orc priest looks encouraged for a moment.
Throwing (i - inventory)
q - 3 poisoned darts (quivered)
Press: ? - help, Shift-Dir - straight line, f/p - orc priest
Aim: an orc priest, wielding a +0 club and wearing a +0 robe You throw a poisoned dart.
The poisoned dart hits the orc priest.
The orc priest is poisoned.
Casting: Sticks to Snakes (safe; 12% risk of failure)
Confirm with . or Enter, or press ? or * to list all spells.
You grow a pair of large bovine horns.
The orc priest calls down the wrath of Beogh upon you.
Beogh smites you!
You barely miss the orc. The orc hits you but does no damage.
The orc priest hits you with a +0 club.
* * * LOW HITPOINT WARNING * * *
You hit the orc priest but do no damage.
The orc priest is moderately wounded.
The orc barely misses you.
The orc priest invokes the aid of Beogh against you.
Pain shoots through your body!
You die...

#.........#
##.........#
##..........#
##...........#
####..#.........#
##....##.........##
...#####.........?#
..................###
................@o..#
..........[....##o#.#
....>......####
#.#... ...........
#.# ### ......... #(#
......... ##(#
.....>. #.(# #.(# #
#..# .#


You could see an orc priest and an orc.

Vanquished Creatures
  An orc priest (D:3)
  2 adders (D:2)
  An ooze (D:1)
  A worm (D:2)
  3 dart slugs
  A leopard gecko (D:1)
  4 orcs (D:3)
  7 bats
  4 giant cockroaches
  8 goblins
  10 hobgoblins
  A jackal (D:1)
  2 quokkas
  2 ball pythons
  6 frilled lizards
  5 kobolds
  7 rats
65 creatures vanquished.

Vanquished Creatures (collateral kills)
  A shadow imp (D:3)
  An orc (D:3)
  A bat (D:1)
  2 jackals (D:1)
  2 ball pythons
  2 frilled lizards
9 creatures vanquished.

Grand Total: 74 creatures vanquished

Notes
Turn   | Place    | Note
-------+----------+-------------------------------------------
     0 | D:1      | Lugonue the Demigod Transmuter began the quest for the Orb.
     0 | D:1      | Reached XP level 1. HP: 15/15 MP: 5/5
    50 | D:1      | Reached skill level 3 in Unarmed Combat
   281 | D:1      | Reached XP level 2. HP: 22/22 MP: 5/7
   286 | D:1      | Learned a level 2 spell: Sticks to Snakes
   667 | D:1      | Reached XP level 3. HP: 16/27 MP: 8/8
  1058 | D:2      | Reached skill level 1 in Fighting
  1365 | D:2      | Found a basalt altar of Yredelemnul.
  1365 | D:2      | Found a shattered altar of Ashenzari.
  1533 | D:2      | Reached XP level 4. HP: 27/35 MP: 8/10
  1741 | D:2      | Found a shadowy altar of Dithmenos.
  1742 | D:2      | Found an iron altar of Okawaru.
  2789 | D:3      | Found an opulent altar of Gozag.
  2790 | D:3      | Found a sparkling altar of Nemelex Xobeh.
  3075 | D:4      | Found a staircase to the Ecumenical Temple.
  3182 | D:4      | Killed from afar by an orc priest

Levels and vault maps discovered:
D:1:      dpeg_arrival_boxes_within_box, layout_rooms
D:2:      layout_basic, gammafunk_temple_overflow_elements, minitemple,
          hangedman_abyss_or_decor_stabs
D:3:      layout_basic, grunt_temple_overflow_opulence
D:4:      layout_rooms, amethyst_overflow_temple_binary,
          minmay_temple_entry_glass

Skill      XL: |  1  2  3 |
---------------+----------+-----
Unarmed Combat | 3 |  3.8
Spellcasting   | 2 |  2.5
Transmutations | 2 |  2.5
Dodging        | 2 |  2.3
Fighting       | 1 |  1.5
Stealth        | |  0.2

Action                   |  1- 3 |  4- 6 || total
-------------------------+-------+-------++-------
Melee: Unarmed           |   136 |    61 ||   197
       Headbutt          |    19 |     5 ||    24
       Kick              |     9 |       ||     9
       Punch             |     1 |     1 ||     2
       Falchion          |       |     6 ||     6
Throw: Dart              |       |     7 ||     7
 Cast: Beastly Appendage |    23 |     7 ||    30
       Sticks to Snakes  |     6 |     6 ||    12
  Use: Scroll            |       |     6 ||     6
       Potion            |       |     2 ||     2
 Stab: Sleeping          |     3 |       ||     3
  Eat: Chunk             |     3 |     4 ||     7
Armor: Robe              |    21 |    11 ||    32
       Leather armour    |       |     1 ||     1
Dodge: Dodged            |   108 |    51 ||   159
       Rpst.: Falchion   |       |     1 ||     1

Table legend:
 A = Non-vault XP
 B = Vault XP
 C = Vault XP percentage of total XP
 D = Non-vault monster count
 E = Vault monster count
 F = Vault count percentage of total count
                 A         B        C        D         E       F
            +---------+---------+-------+---------+---------+-------
      Total |     212 |       0 |   0.0 |      74 |       0 |   0.0
            +---------+---------+-------+---------+---------+-------
        D:1 |      54 |       0 |   0.0 |      28 |       0 |   0.0
        D:2 |      70 |       0 |   0.0 |      27 |       0 |   0.0
        D:3 |      86 |       0 |   0.0 |      18 |       0 |   0.0
        D:4 |       2 |       0 |   0.0 |       1 |       0 |   0.0
            +---------+---------+-------+---------+---------+-------
